 Dungeon Crawl Stone Soup version 0.28.0-53-g5a82cb258f (webtiles) character file.

Game seed: 12116169863025899286

2084 pkoi the Zephyrmancer (level 8, 0/77 HPs)
             Began as a Demigod Air Elementalist on May 31, 2022.
             Slain by an orc knight
             ... wielding a +0 halberd
              (16 damage)
             ... in a bailey.
             The game lasted 00:16:21 (10391 turns).

pkoi the Zephyrmancer (Demigod Air Elementalist)   Turns: 10391, Time: 00:16:21

Health: 0/77       AC:  3    Str: 15    XL:     8   Next: 78%
Magic:  17/25      EV: 13    Int: 25    God:
Gold:   373        SH:  0    Dex: 14    Spells: 3/13 levels left

rFire   . . .      SeeInvis .   i - staff of air
rCold   . . .      Faith    .   (no shield)
rNeg    . . .      Spirit   .   a - +1 robe
rPois   .          Reflect  .   (no helmet)
rElec   +          Harm     .   (no cloak)
rCorr   .          Rampage  .   (no gloves)
Will    .....                   (no boots)
Stlth   ++........              x - amulet of Vitality {Regen+ HP+15}
HPRegen 1.02/turn               h - +6 ring of strength
MPRegen 0.19/turn               c - ring of magical power

@: about to teleport
A: high MP 1, forlorn, divine attributes
a: no special abilities


You were in a bailey.
You visited 1 branch of the dungeon, and saw 7 of its levels.
You also visited: Ossuary and Bailey.

You collected 373 gold pieces.

Inventory:

Hand Weapons
 b - a +0 whip
 j - a +1 short sword of protection
Missiles
 y - a curare-tipped dart
Armour
 a - a +1 robe (worn)
Magical Staves
 i - a staff of air (weapon)
Jewellery
 c - a ring of magical power (right hand)
 h - a +6 ring of strength (left hand)
 x - the amulet of Vitality (around neck) {Regen+ HP+15}
   (You found it on level 6 of the Dungeon)

   [amulet of regeneration]

   HP:        It affects your health (+15).
   Regen:     It increases your rate of health regeneration.
Wands
 u - a wand of digging (2)
 v - a wand of iceblast (14)
Scrolls
 d - 5 scrolls of teleportation
 g - 4 scrolls of vulnerability
 l - a scroll of amnesia
 n - a scroll of fog
Potions
 e - 4 potions of curing
 f - a potion of resistance
 k - 2 potions of might
 m - 6 potions of heal wounds
 p - a potion of attraction
 r - a potion of mutation
 s - a potion of cancellation
 t - 2 potions of magic
 w - 5 potions of haste


   Skills:
 + Level 2.4 Fighting
 + Level 3.2 Dodging
 - Level 1.7 Stealth
 + Level 2.4 Unarmed Combat
 + Level 3.1 Spellcasting
 - Level 2.0 Conjurations
 + Level 9.6 Air Magic


You had 3 spell levels left.
You knew the following spells:

 Your Spells              Type           Power      Damage    Failure   Level
a - Shock                 Conj/Air       100%       1d9       1%          1
b - Static Discharge      Conj/Air       49%        N/A       1%          2
c - Swiftness             Air            67%        N/A       1%          3
d - Airstrike             Air            33%        N/A       1%          4

Your spell library contained the following spells:

 Spells                   Type           Power      Damage    Failure   Level


Dungeon Overview and Level Annotations

Branches:
Dungeon (7/15)             Temple (0/1) D:6         Ossuary (visited)
 Bailey (1/1)

Shops:
D:6 (

Annotations:
D:3 Natasha, Sigmund


Innate Abilities, Weirdness & Mutations

You have an increased reservoir of magic. (+10% MP)
You shall have no god before yourself.
Your divine heritage dramatically boosts your attributes as you level up.


Message History

The orc knight hits you from afar with a +0 halberd!!
* * * LOW HITPOINT WARNING * * *
There is an open door here.
The orc knight roars a battlecry!
The orc warrior goes into a battle-frenzy!
There is an open gate here.
Things that are here:
a +0 hand axe; an orc corpse
Things that are here:
a +0 war axe; an orc corpse
Aiming: Shock (safe; 1% risk of failure)
Press: ? - help, Q - select action, (/) - cycle Shift-Dir - straight line, f/p - orc knight
Aim: an orc knight, wielding a +0 halberd and wearing a +0 ring mail (moderately wounded, 67% to hit)
You feel a surge of power!
The zap misses the orc warrior.
The zap hits the orc knight.
The orc knight is heavily wounded.
The orc warrior hits you from afar with a +0 halberd!!
* * * LOW HITPOINT WARNING * * *
Unknown command.
There is an open gate here.
An orc knight comes into view. It is wielding a +0 halberd.
The orc warrior shouts!
The orc knight shouts!
The orc knight roars a battlecry!
The orc warrior goes into a battle-frenzy!
An orc knight comes into view. It is wielding a +0 glaive.
An orc warrior comes into view. It is wielding a +0 halberd.
The orc knight shouts!
The orc shouts!
You hear a shout!
The orc warrior no longer looks unusually strong.
The orc knight roars a battlecry!
The orcs go into a battle-frenzy!
As you read the scroll of teleportation, it crumbles to dust.
You feel strangely unstable.
The orc knight roars a battlecry!
The orc knight goes into a battle-frenzy!
The orc warrior hits you from afar with a +0 trident!!
* * * LOW HITPOINT WARNING * * *
The orc warrior misses you. The orc warrior closely misses you.
The orc knight hits you from afar with a +0 halberd!
You die...

#### ####### ####
...#########.....###....
....#.....#.......'.....
#...).....'..#....'.....
....'.))..'...o.o.'.....
#...!.....'..#o.@.'.o...
....#.....#.......ooo...
...#########.....###....
#### ####### ###


You could see 3 orc knights, 3 orc warriors and an orc (strong).

Vanquished Creatures
  A steam dragon (D:7)
  A water moccasin (D:7)
  A black bear (D:5)
  An ice beast (D:7)
  2 ogres
  4 orc warriors (Bailey)
  A kobold brigand (D:6)
  A bullfrog (D:7)
  2 scorpions (D:5)
  2 wights (Ossuary)
  A centaur zombie (D:6)
  2 howler monkeys (D:6)
  3 orc priests (D:6)
  3 hounds
  A jelly (D:5)
  A bullfrog skeleton (D:5)
  A gnoll shaman (D:5)
  4 iguanas
  Terence (D:3)
  Natasha (D:3)
  An orc wizard (D:5)
  A hound skeleton (D:4)
  3 gnolls (D:5)
  8 adders
  An adder skeleton (D:4)
  3 adder zombies (Ossuary)
  3 worms
  2 dart slugs
  22 orcs
  3 endoplasms
  3 giant cockroaches
  9 hobgoblins
  5 jackals (D:1)
  8 kobolds
  3 quokkas
  10 ball pythons
  A ball python skeleton (Ossuary)
  5 bats
  5 frilled lizards
  6 goblins
  2 hobgoblin skeletons (Ossuary)
  A hobgoblin zombie (Ossuary)
  An orc skeleton (Ossuary)
  An orc zombie (Ossuary)
  4 rats
145 creatures vanquished.

Notes
Turn   | Place    | Note
-------+----------+-------------------------------------------
     0 | D:1      | pkoi the Demigod Air Elementalist began the quest for the
                  | Orb.
     0 | D:1      | Reached XP level 1. HP: 14/14 MP: 5/5
   167 | D:1      | Reached skill level 3 in Air Magic
   225 | D:1      | Reached XP level 2. HP: 15/20 MP: 2/7
  1515 | D:2      | Reached XP level 3. HP: 24/26 MP: 8/8
  1642 | D:2      | Learned a level 2 spell: Static Discharge
  1655 | D:2      | Reached skill level 4 in Air Magic
  2078 | D:2      | Reached skill level 1 in Conjurations
  2779 | D:3      | Noticed Terence
  2923 | D:3      | Killed Terence
  2924 | D:3      | Reached XP level 4. HP: 27/33 MP: 2/9
  3309 | D:3      | Noticed Natasha
  3314 | D:3      | Killed Natasha
  3399 | D:3      | Noticed Sigmund
  3407 | D:3      | Learned a level 3 spell: Swiftness
  3709 | D:3      | Noticed Natasha
  4575 | D:3      | Reached skill level 5 in Air Magic
  4579 | D:3      | Reached XP level 5. HP: 38/38 MP: 7/10
  6288 | D:4      | Reached skill level 6 in Air Magic
  6288 | D:4      | Reached XP level 6. HP: 45/45 MP: 11/11
  6541 | D:5      | Entered Level 5 of the Dungeon
  6892 | D:5      | Reached skill level 7 in Air Magic
  7097 | D:5      | Reached XP level 7. HP: 35/50 MP: 13/13
  7118 | D:5      | Found a sand-covered staircase.
  7128 | Ossuary  | Entered an ossuary
  7568 | Ossuary  | Noticed a flying skull
  7568 | Ossuary  | Noticed a wraith
  7583 | Ossuary  | Noticed a flying skull
  7590 | Ossuary  | Noticed a flying skull
  7617 | Ossuary  | Reached skill level 8 in Air Magic
  7658 | Ossuary  | Noticed a wraith
  7679 | Ossuary  | Noticed a flying skull
  8148 | D:6      | Found the amulet of Vitality {Regen+ HP+15}
  8151 | D:6      | Found a staircase to the Ecumenical Temple.
  8532 | D:6      | Reached skill level 9 in Air Magic
  8781 | D:5      | Learned a level 4 spell: Airstrike
  8784 | D:6      | Reached XP level 8. HP: 57/57 MP: 14/14
  9255 | D:6      | Found Veynkoitho's Weapon Emporium.
  9511 | D:7      | Reached skill level 1 in Fighting
  9511 | D:7      | Reached skill level 1 in Unarmed Combat
  9926 | D:7      | Found a flagged portal.
  9935 | Bailey   | Entered a bailey
 10329 | Bailey   | Noticed an orc knight
 10387 | Bailey   | Noticed an orc knight
 10388 | Bailey   | Noticed an orc knight
 10391 | Bailey   | Slain by an orc knight

Illustrated notes

Levels and vault maps discovered:
D:1:      dpeg_arrival_shrine, layout_basic
D:2:      layout_loops_ring, hellmonk_ecumenical_altar_arch_garden,
          kennysheep_generic_room_9
D:3:      layout_loops_corners, st_stairs_10, minmay_fractal_squares_diagonal_5,
          uniq_natasha, uniq_terence, uniq_sigmund
D:4:      layout_loops_corners, mainiacjoe_overflow_chevrons
D:5:      layout_basic, nicolae_ossuary_entry_ruins
D:6:      layout_loops_cross, minmay_temple_entry_glass, serial_shops,
          nicolae_shop_trees, amethyst_killhole
D:7:      layout_cave_pools, enter_bailey_2, minmay_misc_feat_chi
Bailey:   bailey_polearm_5, bailey

Skill      XL: |  1  2  3  4  5  6  7  8 |
---------------+-------------------------+-----
Air Magic      | 3 4 5 6 7 9 |  9.6
Conjurations   | 1 2 |  2.0
Spellcasting   | 2 3 |  3.1
Dodging        | 3 |  3.2
Fighting       | 2 |  2.4
Unarmed Combat | 2 |  2.4
Stealth        | |  1.7

Action                   |  1- 3 |  4- 6 |  7- 9 || total
-------------------------+-------+-------+-------++-------
Melee: Whip              |    31 |     7 |       ||    38
       Staff             |       |     9 |     1 ||    10
       Punch             |       |     1 |       ||     1
 Cast: Shock             |    81 |   145 |   114 ||   340
       Static Discharge  |     3 |    14 |    11 ||    28
       Airstrike         |       |       |    17 ||    17
  Use: Scroll            |       |     8 |     9 ||    17
       Potion            |       |     4 |       ||     4
Armor: Robe              |    16 |     9 |     6 ||    31
Dodge: Dodged            |    49 |    24 |    31 ||   104
